[Event "*** MasterClass Titled Tuesday Blitz"]
[Site "Chess.com"]
[Date "2017.11.07"]
[Round "2"]
[White "asms9699"]
[Black "Cherone"]
[Result "0-1"]
[WhiteElo "2428"]
[BlackElo "2474"]
[TimeControl "180+2"]
[EndTime "14:29:21 PST"]
[Termination "Cherone won by resignation"]

1. c4 e5 2. g3 Nf6 3. Bg2 c6 4. d4 e4 5. Nc3 Bb4 6. Bg5 Bxc3+ 7. bxc3 d5 8. Nh3 Nbd7 9. O-O O-O 10. cxd5 cxd5 11. c4 h6 12. Bxf6 Nxf6 13. cxd5 Qxd5 14. Nf4 Qd6 15. e3 Bg4 16. Ne2 Qe6 17. Qd2 Bf3 18. Nf4 Qf5 19. Bxf3 exf3 20. Qd3 Ne4 21. h3 Rfe8 22.
Rab1 Qd7 23. Qb5 Re7 24. Rfc1 Qd6 25. Qh5 g5 26. Nd3 Nxg3 27. Qxf3 Ne4 28. Nc5 Nd2 29. Qf5 Nxb1 30. Rxb1 b6 31. Ne4 Qe6 32. Nf6+ Kf8 33. Nh7+ Kg7 34. Qf3 Rd8 35. Rc1 Kxh7 36. Rc6 Rd6 37.
Rc3 Kg7 38. h4 Qe4 39. Qe2 gxh4 40. Rc8 Rg6+ 0-1

[Event "*** MasterClass Titled Tuesday Blitz"]
[Site "Chess.com"]
[Date "2017.11.07"]
[Round "2"]
[White "nOcHeaTiNgKiD"]
[Black "FrankieJay"]
[Result "1-0"]
[WhiteElo "2209"]
[BlackElo "2165"]
[TimeControl "180+2"]
[EndTime "14:29:25 PST"]
[Termination "nOcHeaTiNgKiD won by resignation"]

1. d4 Nf6 2. c4 g6 3. Nc3 Bg7 4. e4 O-O 5. h4 c5 6. d5 h5 7. Bg5 d6 8. f3 Re8 9. Qd2 Nbd7 10. Nge2 Ne5 11. Nf4 Nh7 12. Nh3 Nxg5 13. Nxg5 Qa5 14.
Be2 e6 15. Nb5 Qxd2+ 16. Kxd2 Rd8 17. Nc7 Rb8 18. dxe6 fxe6 19. Ngxe6 Rd7 20. Nd5 Bh6+ 21. Ng5 Rf7 22. Kc2 Bxg5 23. hxg5 Be6 24. Rad1 Bxd5 25.
Rxd5 Rd7 26. Rhd1 Rbd8 27. f4 Nc6 28. a3 Nd4+ 29. R1xd4 cxd4 30. Rxd4 Kf8 31. f5 Re7 32. Bd3 Re5 33. Kc3 Ke7 34. b4 Rg8 35. c5 dxc5 36.
f6+ Ke8 37. Bb5+ Kf7 38. Bc4+ Ke8 39. f7+ Ke7 40. fxg8=Q 1-0

[Event "*** MasterClass Titled Tuesday Blitz"]
[Site "Chess.com"]
[Date "2017.11.07"]
[Round "2"]
[White "Taron_Shagbazyan"]
[Black "MagnusCarlsen"]
[Result "0-1"]
[WhiteElo "2560"]
[BlackElo "3039"]
[TimeControl "180+2"]
[EndTime "14:29:29 PST"]
[Termination "MagnusCarlsen won by resignation"]

1. d4 Nf6 2. c4 e6 3. Nc3 Bb4 4. e3 O-O 5. Bd3 d5 6. Nf3 b6 7. O-O Ba6 8. cxd5 exd5 9. a3 Bxc3 10. bxc3 Ne4 11. Bxa6 Nxa6 12. Qd3 Nb8 13. c4 Nc6 14. Bb2 Na5 15. cxd5 Qxd5 16. Rac1 c5 17. Ne5 Rfe8 18. Rfd1 Rad8 19. Qc2 Qb3 20. Qxe4 Qxb2 21.
Qf4 f6 22. Nf3 Qxa3 23. d5 Rxd5 24. Ra1 Red8 25. Re1 Qb4 26. e4 R5d7 27. h4 Nb3 28.
Rab1 Qc4 29. h5 h6 30. Nh4 Nd4 31. Kh2 Qe6 32. f3 Qe5 33. Qxe5 fxe5 34. Ng6 Re8 35. Re3 c4 36. g3 b5 37. f4 exf4 38. gxf4 a5 39.
e5 b4 40. Rf1 c3 41. f5 c2 42. e6 Rd5 43. Rd3 Rxf5 0-1

[Event "*** MasterClass Titled Tuesday Blitz"]
[Site "Chess.com"]
[Date "2017.11.07"]
[Round "2"]
[White "grzechu96"]
[Black "plouarzel"]
[Result "1-0"]
[WhiteElo "2451"]
[BlackElo "2461"]
[TimeControl "180+2"]
[EndTime "14:29:31 PST"]
[Termination "grzechu96 won by checkmate"]

1. e4 d6 2. d4 Nf6 3. Nc3 e5 4. Nf3 Nbd7 5. Bc4 exd4 6. Qxd4 Be7 7. Bf4 Nb6 8. O-O-O Nxc4 9. Qxc4 Be6 10. Qe2 O-O 11.
Nd4 Bd7 12. f3 Re8 13. g4 Bc6 14. e5 Nd7 15. Nxc6 bxc6 16. exd6 Bxd6 17. Qd2 Nb6 18. Bxd6 cxd6 19. Qxd6 Qg5+ 20. Kb1 Nc4 21. Qxc6 Rac8 22. Rhe1 Rf8 23. Qd5 Qf6 24. Qd4 Qa6 25. Nd5 Rb8 26.
b3 Na3+ 27. Kb2 Nb5 28. Qc5 Kh8 29. a4 Nd6 30. Nb4 Nc4+ 31. Qxc4 Qxc4 32. bxc4 Rxb4+ 33. Kc3 Rxa4 34. Ra1 Rxa1 35. Rxa1 Ra8 36. c5 Kg8 37.
Kc4 Kf8 38. c6 Ke7 39. Kc5 Kd8 40. Kd6 Kc8 41. Re1 Kd8 42. c7+ Kc8 43. Re8+ Kb7 44. Rxa8 Kxa8 45. c8=Q# 1-0

[Event "*** MasterClass Titled Tuesday Blitz"]
[Site "Chess.com"]
[Date "2017.11.07"]
[Round "2"]
[White "KamilPlichta"]
[Black "Alexander_Moskalenko"]
[Result "0-1"]
[WhiteElo "2567"]
[BlackElo "2669"]
[TimeControl "180+2"]
[EndTime "14:29:32 PST"]
[Termination "Alexander_Moskalenko won by resignation"]

1. c4 e6 2. Nc3 Nf6 3. Nf3 c5 4. e3 d5 5. cxd5 exd5 6. d4 a6 7. Be2 Nc6 8. O-O Bd6 9. dxc5 Bxc5 10. b3 O-O 11. Bb2 Ba7 12. Rc1 Re8 13. Na4 Ne4 14. Nd4 Qd6 15. Nxc6 bxc6 16. Bd4 c5 17. Bb2 Bb8 18. g3 Bh3 19. Re1 Ba7 20. Bf3 Qe6 21. Nc3 Rad8 22. Qc2 f5 23. Ne2 g5 24.
Nc3 Rf8 25. Na4 Rf7 26. a3 Rdf8 27. Ba1 h5 28. Qb2 Kh7 29. Bxh5 Re7 30. Bf3 f4 31. exf4 gxf4 32. Bxe4+ dxe4 33. Nxc5 Bxc5 34. Rxc5 e3 35.
fxe3 fxe3 36. Rh5+ Kg6 37. Re5 Qf7 38. Qe2 Qf2+ 0-1

[Event "*** MasterClass Titled Tuesday Blitz"]
[Site "Chess.com"]
[Date "2017.11.07"]
[Round "2"]
[White "rpragchess"]
[Black "Abdodi"]
[Result "1-0"]
[WhiteElo "2271"]
[BlackElo "2140"]
[TimeControl "180+2"]
[EndTime "14:29:35 PST"]
[Termination "rpragchess won by resignation"]

1. e4 c6 2. d4 d5 3. exd5 cxd5 4. Bd3 Nc6 5. c3 Qc7 6. h3 Nf6 7. Ne2 Bd7 8. O-O e6 9. Bf4 Bd6 10. Bxd6 Qxd6 11. Nd2 O-O 12. Nf3 e5 13. dxe5 Nxe5 14.
Nxe5 Qxe5 15. Nd4 Rfe8 16. Re1 Qg5 17. Qf3 Re5 18. Rxe5 Qxe5 19. a4 Re8 20. a5 a6 21. Bc2 Qg5 22. Rd1 Ne4 23. Ne2 Bb5 24. Nf4 Nf6 25. Qg3 Qxg3 26. fxg3 Ne4 27. g4 Nf6 28. g5 Ne4 29. Rxd5 Ng3 30. Rd2 Re1+ 31. Kf2 Ne4+ 32. Kxe1 Nxd2 33. Kxd2 Kf8 34. Ke3 g6 35. Kd4 Ke7 36. Ke5 Bf1 37. g3 Bb5 38. h4 Bd7 39.
Be4 Bc8 40. b4 Ke8 41. Kd6 Kf8 42. Kc7 1-0

[Event "*** MasterClass Titled Tuesday Blitz"]
[Site "Chess.com"]
[Date "2017.11.07"]
[Round "2"]
[White "Shivagami"]
[Black "nicegg"]
[Result "1-0"]
[WhiteElo "1997"]
[BlackElo "1971"]
[TimeControl "180+2"]
[EndTime "14:29:41 PST"]
[Termination "Shivagami won by resignation"]

1. d4 Nf6 2. Bf4 c5 3. e3 Qb6 4. Nc3 Qxb2 5. Nb5 Na6 6. a3 Nd5 7. Rb1 Qa2 8. Be5 d6 9. Bg3 Bd7 10. Qc1 Nb6 11. c4 Bxb5 12. Rxb5 Nc7 13. Rb1 cxd4 14.
exd4 Rc8 15. Nf3 g6 16. Nd2 Bh6 17. f4 Na4 18. Bd3 e5 19. Bc2 exf4 20. Bxa4+ Kf8 21.
Bb3 Re8+ 22. Kd1 Qxb1 23. Qxb1 fxg3 24. hxg3 Bg7 25. Nf3 Ne6 26. Qd3 Rc8 27. Re1 h6 28. Qe3 Re8 29. d5 Nc7 30. Qxa7 Rxe1+ 31. Kxe1 Bc3+ 32.
Kd1 Kg7 33. Qxb7 Ne8 34. a4 Nf6 35. Kc2 Be5 1-0

[Event "*** MasterClass Titled Tuesday Blitz"]
[Site "Chess.com"]
[Date "2017.11.07"]
[Round "2"]
[White "Msb2"]
[Black "yurisolo"]
[Result "0-1"]
[WhiteElo "2634"]
[BlackElo "2587"]
[TimeControl "180+2"]
[EndTime "14:29:43 PST"]
[Termination "yurisolo won by resignation"]

1. d4 Nf6 2. c4 c6 3. Nf3 d5 4. Nc3 e6 5. e3 Nbd7 6. Qc2 Bd6 7. Bd3 dxc4 8. Bxc4 b5 9. Be2 O-O 10. O-O Bb7 11.
e4 e5 12. dxe5 Nxe5 13. Nd4 Neg4 14. g3 Re8 15. Nf5 Bc5 16. Bf4 Qb6 17. Bxg4 Nxg4 18. Kg2 Rad8 19. h3 Ne5 20. Bxe5 Rxe5 21. f4 Ree8 22.
e5 Bf8 23. Kh2 g6 24. Nh4 c5 25. Rae1 c4 26. Ne4 Be7 27. Nf3 Rd3 28. Re2 Re3 29. Rxe3 Qxe3 30. Nfd2 Rd8 31. Rf2 Rd3 32.
Rf3 Rxd2+ 33. Qxd2 Qxf3 34. Qd7 Bxe4 0-1

[Event "*** MasterClass Titled Tuesday Blitz"]
[Site "Chess.com"]
[Date "2017.11.07"]
[Round "2"]
[White "hansen"]
[Black "GrigorGrigorov"]
[Result "0-1"]
[WhiteElo "2572"]
[BlackElo "2632"]
[TimeControl "180+2"]
[EndTime "14:29:44 PST"]
[Termination "GrigorGrigorov won by resignation"]

1. e4 g6 2. d4 Bg7 3. c3 d6 4.
Nf3 Nf6 5. Bd3 O-O 6. O-O Nbd7 7. h3 e5 8. Re1 Re8 9. Nbd2 b6 10. Nf1 Bb7 11. Ng3 d5 12. exd5 exd4 13. Rxe8+ Nxe8 14. Bg5 Ndf6 15. c4 c6 16. dxc6 Bxc6 17. Ne5 Bb7 18. Qd2 Qc7 19. Re1 Nd6 20. Qf4 Nd7 21. Nxf7 Qc6 22. Be4 Nxe4 23. Rxe4 Rf8 24. f3 Rxf7 25.
Qh4 Nf8 26. b3 d3 27. Nf1 Qc5+ 28. Be3 Qc8 29. Rg4 Ne6 30. Nd2 Qd8 31. Qg3 Nd4 32.
Kh1 Nf5 33. Qf2 Re7 34. Bg5 Re2 35. Qf1 Qe8 36. Ne4 Bxe4 37. fxe4 Rxe4 38. Qxd3 Rxg4 39. hxg4 Qe1+ 40. Kh2 Be5+ 41. g3 Bxg3+ 0-1

[Event "*** MasterClass Titled Tuesday Blitz"]
[Site "Chess.com"]
[Date "2017.11.07"]
[Round "2"]
[White "IamSchrodingersCat"]
[Black "AttilaTurzo"]
[Result "0-1"]
[WhiteElo "2422"]
[BlackElo "2362"]
[TimeControl "180+2"]
[EndTime "14:29:45 PST"]
[Termination "AttilaTurzo won on time"]

1. e4 c5 2. Nf3 g6 3. d4 cxd4 4. Nxd4 Nc6 5. Nc3 Bg7 6. Be3 Nf6 7. Nxc6 bxc6 8. e5 Ng8 9. Bd4 f6 10. Qe2 fxe5 11. Bxe5 Nf6 12. O-O-O O-O 13. Qe1 d6 14.
Bc4+ Kh8 15. f3 Qc7 16. Bg3 e5 17. h4 Nh5 18. Bf2 d5 19. Bb3 Nf4 20. g3 Ne6 21. h5 g5 22. h6 Bf6 23. Na4 Nd4 24. Bxd4 exd4 25. Nc5 Qd6 26. Qa5 Bd8 27. Qb4 Be7 28. Qxd4+ Bf6 29. Qf2 Bf5 30. Kb1 Be5 31. f4 gxf4 32.
gxf4 Bxf4 33. Rdf1 Bxh6 34. Rhg1 Bg6 35. Qd4+ Bg7 36.
Qe3 d4 37. Qg5 Qe5 38. Qxe5 Bxe5 39. Nd7 Rxf1+ 40. Rxf1 Bg7 41. a4 d3 42. Nc5 d2 43.
Rd1 Bh6 44. Nd3 Re8 45. Nf2 Re1 0-1

[Event "*** MasterClass Titled Tuesday Blitz"]
[Site "Chess.com"]
[Date "2017.11.07"]
[Round "2"]
[White "OparinGrigoriy"]
[Black "Hanging_pointer"]
[Result "1-0"]
[WhiteElo "2685"]
[BlackElo "2320"]
[TimeControl "180+2"]
[EndTime "14:29:48 PST"]
[Termination "OparinGrigoriy won on time"]

1. e4 c5 2. Nf3 d6 3. d4 cxd4 4.
Nxd4 Nf6 5. Nc3 a6 6. a3 g6 7.
f3 Bg7 8. Be3 Nc6 9. Qd2 O-O 10.
O-O-O d5 11. Nxc6 bxc6 12. Kb1 Rb8 13. h4 h5 14. Bc5 Qc7 15. e5 Nh7 16. f4 Re8 17.
Bd3 Nf8 18. Na4 Ne6 19. Rhf1 Nxc5 20. Nxc5 Bg4 21. Rde1 Qb6 22. Qc3 e6 23. Nd7 Qb7 24. Nxb8 Rxb8 25. Ka2 Bf8 26. Qb3 Qa7 27. Qa4 a5 28. Qxc6 Qd4 29. Qc3 Qa7 30. f5 Bb4 31. Qc6 Bxe1 32. fxe6 Bxe6 33. Rxe1 Qf2 34. Rf1 Qxh4 35. Rf6 Qd4 36. Qc3 Qxc3 37. bxc3 d4+ 38. c4 Rc8 39. Kb3 Rb8+ 40. Ka4 Ra8 41. Kb5 Kg7 42. c5 Rb8+ 43. Kxa5 Rb2 44. Rxe6 fxe6 45. c6 1-0

[Event "*** MasterClass Titled Tuesday Blitz"]
[Site "Chess.com"]
[Date "2017.11.07"]
[Round "2"]
[White "GM_dmitrij"]
[Black "pKiLz5Rn9b"]
[Result "1-0"]
[WhiteElo "2613"]
[BlackElo "2581"]
[TimeControl "180+2"]
[EndTime "14:29:49 PST"]
[Termination "GM_dmitrij won on time"]

1. e4 e6 2. d4 d5 3. exd5 exd5 4. Nf3 Nf6 5. Bd3 c5 6. O-O c4 7. Re1+ Be7 8. Bf1 O-O 9. b3 cxb3 10. axb3 Nc6 11. Bf4 Bf5 12. Bd3 Ne4 13. c3 Rc8 14. b4 Re8 15. Nfd2 Nxf2 16. Kxf2 Bxd3 17. Qf3 Bg6 18. Kg1 Qd7 19. Qf2 Bf6 20. Na3 Rxe1+ 21. Rxe1 Nd8 22. Nab1 Ne6 23. Be5 Bxe5 24. Rxe5 Qb5 25.
Re3 h6 26. Qe1 Kh7 27. Nf3 a5 28. Ne5 Bxb1 29. Qxb1+ Kg8 30. Nxf7 Qd7 31. Ne5 Qc7 32. Qf5 Re8 33. bxa5 Qxa5 34. Qf7+ Kh7 35. Qg6+ 1-0

[Event "*** MasterClass Titled Tuesday Blitz"]
[Site "Chess.com"]
[Date "2017.11.07"]
[Round "2"]
[White "chesssharkattack"]
[Black "Vrolijk"]
[Result "0-1"]
[WhiteElo "2379"]
[BlackElo "2476"]
[TimeControl "180+2"]
[EndTime "14:29:49 PST"]
[Termination "Vrolijk won by resignation"]

1. e4 e5 2. Nf3 Nc6 3. d4 exd4 4. Nxd4 Bc5 5. Be3 Qf6 6. Nb5 Bxe3 7. fxe3 Qh4+ 8. g3 Qd8 9. Qg4 Kf8 10. Qf4 d6 11.
Bc4 Ne5 12. O-O Nf6 13. Nd2 Bh3 14. Rfe1 Qe7 15. Bd3 Ng6 16. Qf3 h5 17. Nd4 Ne5 18.
Qf4 h4 19. gxh4 Nh5 20. Qf2 Ng4 21. Qf3 Qxh4 22. Nf5 Qg5 23. Qxh3 Nxe3+ 24. Kf2 Ng4+ 25. Kg1 Ne3+ 26. Kf2 Nxf5 27. exf5 Qxd2+ 28. Re2 Qf4+ 29. Ke1 Rh6 30. Rd1 Nf6 31. Qg3 Qxg3+ 32. hxg3 Ng4 33. Be4 Rb8 34. Rd3 Ne5 35. Rde3 Ke7 36. b3 Kf6 37. c3 c6 38. Bc2 Rd8 39. Kd2 Rh3 40.
Kc1 Rdh8 41. Kb2 Rh2 42. Rxh2 Rxh2 43. c4 d5 44. Kc3 d4+ 0-1

[Event "*** MasterClass Titled Tuesday Blitz"]
[Site "Chess.com"]
[Date "2017.11.07"]
[Round "2"]
[White "PrinceMurad09"]
[Black "SidArun"]
[Result "0-1"]
[WhiteElo "2251"]
[BlackElo "2100"]
[TimeControl "180+2"]
[EndTime "14:29:49 PST"]
[Termination "SidArun won on time"]

1. e4 c6 2. d4 d5 3. e5 Bf5 4. Nd2 e6 5. Nb3 Nd7 6. Nf3 a6 7. a4 c5 8. dxc5 Nxc5 9. c3 Qb6 10. Nbd4 Ne7 11. a5 Qc7 12. Be2 Bg6 13. O-O Nc6 14. Nxc6 bxc6 15. Nd4 Nd7 16. f4 Be4 17. Bf3 Bxf3 18.
Qxf3 c5 19. Nc2 g6 20. c4 Bg7 21. cxd5 exd5 22. Qxd5 O-O 23. Be3 Rfd8 24. Qf3 Nf8 25.
Rfd1 Ne6 26. Rd5 Rab8 27. Na3 Qxa5 28. Rad1 Rxd5 29. Qxd5 Rd8 30. Qf3 Nd4 31. Bxd4 cxd4 32. Nc4 Qc5 33. Nd6 Rb8 34. Qf2 Rb4 35. Ne4 Qb6 36.
Ng5 h6 37. Nf3 Bf8 38. Rd2 Bc5 39. Qh4 d3+ 40. Kf1 Rxb2 41. Qxh6 Rxd2 42. Nxd2 Qb2 0-1

[Event "*** MasterClass Titled Tuesday Blitz"]
[Site "Chess.com"]
[Date "2017.11.07"]
[Round "2"]
[White "chessking2151"]
[Black "thegreendog"]
[Result "1-0"]
[WhiteElo "2411"]
[BlackElo "2362"]
[TimeControl "180+2"]
[EndTime "14:29:52 PST"]
[Termination "chessking2151 won by resignation"]

1. e4 c5 2. Nf3 d6 3. d4 cxd4 4.
Nxd4 Nf6 5. Nc3 g6 6. Be3 Bg7 7.
f3 Nc6 8. Qd2 O-O 9. O-O-O d5 10.
exd5 Nxd5 11. Nxc6 bxc6 12. Bd4 Nxc3 13. Qxc3 Bh6+ 14.
Be3 Bxe3+ 15. Qxe3 Qb6 16. Qxe7 Be6 17. Qa3 Rfd8 18. Bd3 Rd5 19. b3 Qe3+ 20. Kb1 Qf2 21. Rhg1 Rad8 22. Rdf1 Qe3 23. Qc1 Qd4 24. Rd1 Qh4 25.
h3 Qf2 26. Rd2 Qe3 27. Re1 Qb6 28. Rdd1 a5 29. Be4 Rxd1 30. Rxd1 Rxd1 31. Qxd1 Qf2 32. g4 c5 33. Qd8+ Kg7 34. Qxa5 Qf1+ 35. Kb2 Qf2 36.
Qc3+ Kh6 37. a4 Kg5 38. a5 Bc8 39. Qe5+ Kh4 40. Qh8 Qd4+ 41. Qxd4 cxd4 42. b4 Kxh3 43. b5 f5 44. gxf5 gxf5 45. Bc6 Kg3 46. b6 h5 47. b7 Bxb7 48. Bxb7 f4 49. a6 h4 50. Bc8 Kxf3 51. a7 Kg2 52. a8=Q+ f3 53. Bg4 h3 54. Qxf3+ Kg1 55. Bxh3 1-0

[Event "*** MasterClass Titled Tuesday Blitz"]
[Site "Chess.com"]
[Date "2017.11.07"]
[Round "2"]
[White "rubhani"]
[Black "champ2005"]
[Result "0-1"]
[WhiteElo "2265"]
[BlackElo "2460"]
[TimeControl "180+2"]
[EndTime "14:29:53 PST"]
[Termination "champ2005 won on time"]

1. e4 c6 2. d4 d5 3. e5 Bf5 4. Nf3 e6 5. Be2 c5 6. O-O cxd4 7. Nxd4 Ne7 8. c4 dxc4 9. Bxc4 Nbc6 10. Bb5 Bxb1 11. Rxb1 Qd5 12. Be3 a6 13. Bxc6+ Nxc6 14. Nxc6 bxc6 15. Qa4 Be7 16. Rfd1 Qb5 17. Qe4 O-O 18.
Rd7 Bc5 19. a4 Qb6 20. Bxc5 Qxc5 21. b4 Qc3 22. h4 Rad8 23. Rbd1 Rxd7 24. Rxd7 Qa1+ 25.
Kh2 Qxa4 26. h5 h6 27. Rd4 a5 28. bxa5 Qxa5 29. Rc4 Qd5 30. Qf4 c5 31. Rc3 Rc8 32. Rg3 Kf8 33. Rf3 Rc7 34. Re3 c4 35. g4 c3 36. g5 hxg5 37. Qxg5 c2 38. h6 gxh6 39. Qxh6+ Ke8 0-1

[Event "*** MasterClass Titled Tuesday Blitz"]
[Site "Chess.com"]
[Date "2017.11.07"]
[Round "2"]
[White "hypert"]
[Black "ViIIagra"]
[Result "1-0"]
[WhiteElo "2360"]
[BlackElo "2693"]
[TimeControl "180+2"]
[EndTime "14:30:10 PST"]
[Termination "hypert won by resignation"]

1. e4 c5 2. Nf3 d6 3. Bb5+ Nd7 4.
O-O Nf6 5. Re1 a6 6. Bf1 g6 7. c4 Bg7 8. d4 cxd4 9. Nxd4 O-O 10. Nc3 b6 11. f3 Bb7 12. Be3 Rc8 13. b4 b5 14. a4 bxc4 15. b5 a5 16. Rc1 Nb6 17. Qd2 Nfd7 18. Bh6 Qc7 19. Bxg7 Kxg7 20. f4 Qc5 21.
Kh1 Rfd8 22. f5 Ne5 23. Re3 Nbd7 24. Rh3 Nf8 25. Be2 Kg8 26. Rf1 d5 27. fxg6 fxg6 28. Qh6 Nf7 29. Rxf7 Kxf7 30. Rf3+ Kg8 31. Rxf8+ Rxf8 32. Ne6 Rf7 33. Nxc5 Rxc5 34. exd5 Bxd5 35. h4 e6 36. Bg4 Rcc7 37. Qe3 Rfe7 38. Kh2 Kf8 39. b6 Rb7 40. Qc5 Kg7 41. Nb5 Rb8 42. Nd6 c3 43. Nf5+ gxf5 44. Qxe7+ Kg6 45. h5+ 1-0

[Event "*** MasterClass Titled Tuesday Blitz"]
[Site "Chess.com"]
[Date "2017.11.07"]
[Round "2"]
[White "Bad4life"]
[Black "josiwales"]
[Result "1-0"]
[WhiteElo "2403"]
[BlackElo "2369"]
[TimeControl "180+2"]
[EndTime "14:30:11 PST"]
[Termination "Bad4life won by resignation"]

1. e4 c5 2. Nf3 Nc6 3. Bb5 g6 4.
Bxc6 dxc6 5. O-O Bg7 6. d3 Nf6 7. h3 O-O 8. Nc3 Nd7 9. Be3 e5 10. a4 Qc7 11. a5 f5 12. exf5 gxf5 13. Ng5 Nf6 14. Bxc5 Rd8 15. Qe2 h6 16. Nf3 Nd5 17. Nh4 Nf4 18. Qf3 Qf7 19. Ra4 Be6 20. Kh2 Bf6 21. Qg3+ Kh8 22. Rg1 Rg8 23. Qe3 Kh7 24. Nf3 Ng6 25. Rb4 Rae8 26. Bxa7 Qc7 27. Qb6 Qd6 28.
Qc5 Qc7 29. Bb6 Qb8 30. Ba7 Qc7 31. Kh1 Be7 32. Qb6 Rc8 33. Qxc7 Rxc7 34. Ra4 Rd7 35.
Re1 Bf6 36. Bc5 Bf7 37. a6 b5 38. Raa1 e4 39. dxe4 Nf4 40. Rg1 Bxc3 41. bxc3 fxe4 42. Ne5 Rc7 43. Bd6 Ra7 44. Nxc6 Rd7 45. Bxf4 1-0

[Event "*** MasterClass Titled Tuesday Blitz"]
[Site "Chess.com"]
[Date "2017.11.07"]
[Round "2"]
[White "VerdeNotte"]
[Black "chito89"]
[Result "0-1"]
[WhiteElo "2670"]
[BlackElo "2577"]
[TimeControl "180+2"]
[EndTime "14:30:12 PST"]
[Termination "chito89 won by resignation"]

1. Nf3 g6 2. c4 Bg7 3. Nc3 d6 4.
d4 Bg4 5. Be3 Nf6 6. h3 Bxf3 7.
exf3 e6 8. Bd3 O-O 9. O-O Nc6 10. a3 e5 11. d5 Ne7 12. b4 a5 13. Qb3 Nd7 14.
bxa5 Qc8 15. Rfb1 Rxa5 16. Qxb7 Qxb7 17. Rxb7 e4 18. Nxe4 Bxa1 19. Rxc7 Ne5 20. Be2 Nf5 21. Bg5 Rxa3 22. Bf6 Nd4 23. Bf1 Ndxf3+ 24. gxf3 Nxf3+ 25. Kg2 Bxf6 26. Nxf6+ Kg7 27. Ne4 Nh4+ 28. Kh2 Nf5 29. c5 dxc5 30. Nxc5 Re8 31. Bb5 Re1 32. Ne6+ Kf6 33.
Nf4 Rf3 34. Nd3 Rd1 35. Rc3 Rd2 36. Kg2 Nh4+ 37. Kh2 Ke7 38. Rc7+ Kd8 39. Rd7+ Kc8 40. d6 Rdxd3 41. Rc7+ Kd8 42. Rd7+ Ke8 43. Kg1 Rd1+ 44. Kh2 Kf8 45. Rd8+ Kg7 46. d7 Rxf2+ 47. Kg3 Rf3+ 48. Kh2 Rd2+ 49. Kh1 Rxh3+ 50. Kg1 Rg2+ 0-1

[Event "*** MasterClass Titled Tuesday Blitz"]
[Site "Chess.com"]
[Date "2017.11.07"]
[Round "2"]
[White "ChainsOfFantasia"]
[Black "Genghis_K"]
[Result "0-1"]
[WhiteElo "2489"]
[BlackElo "2651"]
[TimeControl "180+2"]
[EndTime "14:30:16 PST"]
[Termination "Genghis_K won by resignation"]

1. d4 Nf6 2. c4 e6 3. Nf3 d5 4. Nc3 Bb4 5. cxd5 exd5 6. Bg5 h6 7. Bh4 O-O 8. e3 Bf5 9. Be2 Nbd7 10. O-O c6 11. a3 Bd6 12. Bg3 Qe7 13. Bxd6 Qxd6 14. b4 Rfe8 15. b5 c5 16. dxc5 Nxc5 17. Nd4 Bg6 18. a4 Rac8 19. Rc1 Nce4 20. Nxe4 Nxe4 21. Bf3 Rc4 22. Bxe4 Bxe4 23. Rxc4 dxc4 24. Qd2 Qa3 25. Qa5 c3 26. Qxa7 c2 27. Nxc2 Bxc2 28. Qxb7 Qxa4 29.
b6 Be4 30. Qc7 Bd5 31. Rc1 Qg4 32. Qg3 Qxg3 33. hxg3 Rb8 34. Rb1 Kf8 35. f3 Ke7 36. e4 Be6 37. Kf2 Kd6 38. Ke3 Kc6 39. Kd4 Rxb6 40.
Rc1+ Kd7 41. e5 Rb4+ 42. Ke3 Rb2 43. Rg1 Bd5 44. Kf4 Ke6 45. g4 Rb4+ 46. Kg3 Kxe5 47.
Re1+ Kf6 48. Ra1 Be6 49. Ra7 Rb5 50. Kh4 Kg6 51. g3 h5 52. g5 Rb4+ 53. f4 Rb1 54. f5+ Bxf5 55. g4 Bxg4 56. Ra6+ Be6 57. Ra3 Rb4+ 58.
Kg3 h4+ 59. Kh2 Kxg5 60. Ra5+ Bf5 61. Ra2 g6 62. Kh1 Be4+ 63. Kg1 Rc4 64. Ra3 f5 65.
Kh2 Kf4 66. Kh3 g5 67. Kh2 Rc2+ 68. Kg1 g4 69. Rb3 h3 70. Ra3 h2+ 0-1

[Event "*** MasterClass Titled Tuesday Blitz"]
[Site "Chess.com"]
[Date "2017.11.07"]
[Round "2"]
[White "Angry_Serb"]
[Black "tango_argentino"]
[Result "0-1"]
[WhiteElo "2429"]
[BlackElo "2483"]
[TimeControl "180+2"]
[EndTime "14:30:17 PST"]
[Termination "tango_argentino won by resignation"]

1. e4 d5 2. exd5 Qxd5 3. Nc3 Qd6 4. d4 Nf6 5. Nf3 g6 6. Nb5 Qb6 7. Na3 c6 8. Nc4 Qd8 9. Nce5 Bg7 10. Bc4 O-O 11. O-O Nd5 12. a4 b6 13. Re1 Bb7 14. Qe2 e6 15. Ng5 Qe7 16. Qg4 f6 17. Nxh7 fxe5 18. Nxf8 Qxf8 19. Qxg6 Qf7 20. Qg4 Nd7 21.
dxe5 Rf8 22. f4 Nc5 23. Ra3 Qf5 24. Qxf5 Rxf5 25. b4 Nd7 26. Rf3 Nf8 27. c3 c5 28.
bxc5 bxc5 29. Rf2 Kf7 30. Bd2 Ke7 31. g4 Rf7 32. Rb1 Bc6 33. a5 Ng6 34. Rbf1 Bh6 35. g5 Bg7 36. Kg2 Ne3+ 37. Kg3 Nxc4 38. Bc1 Ke8 39. h4 Ne7 40. h5 Nf5+ 41. Kh3 Bf8 42.
g6 Rg7 43. Rg1 Rg8 44. Re2 Bh6 45. Kg4 Ke7 46. Rd1 Rb8 47. Bd2 Rb2 48. Rh2 Nce3+ 0-1

[Event "*** MasterClass Titled Tuesday Blitz"]
[Site "Chess.com"]
[Date "2017.11.07"]
[Round "2"]
[White "Blitzstream"]
[Black "SCIM"]
[Result "1-0"]
[WhiteElo "2475"]
[BlackElo "2403"]
[TimeControl "180+2"]
[EndTime "14:30:17 PST"]
[Termination "Blitzstream won by resignation"]

1. d4 Nf6 2. Nf3 g6 3. e3 Bg7 4. c4 O-O 5. Nc3 d5 6. Be2 c6 7. O-O Bg4 8. Qb3 b6 9. cxd5 cxd5 10. h3 Bxf3 11. Bxf3 e6 12. Bd2 Nc6 13. Rfc1 Rc8 14. Be2 Na5 15. Qa4 Nc4 16. Bxc4 Rxc4 17. Qxa7 Qd6 18. b3 Rc7 19. Nb5 Rxa7 20. Nxd6 Rd7 21. Bb4 Ra8 22. Nb5 Ne4 23. f3 Ng3 24. Kf2 Nf5 25.
g4 Nh4 26. a4 e5 27. Rc6 exd4 28. exd4 f5 29. Rxb6 fxg4 30. hxg4 Rf7 31. Kg3 g5 32. Rf1 Re8 33. Nd6 Re2 34. Nxf7 Kxf7 35. Rf2 Re3 36. Bc5 Re1 37. a5 Rg1+ 38. Kh2 Ra1 39. a6 h5 40. Rb7+ Kg6 41. a7 hxg4 42. fxg4 1-0

[Event "*** MasterClass Titled Tuesday Blitz"]
[Site "Chess.com"]
[Date "2017.11.07"]
[Round "2"]
[White "oskariot"]
[Black "tigra"]
[Result "0-1"]
[WhiteElo "2493"]
[BlackElo "2653"]
[TimeControl "180+2"]
[EndTime "14:30:18 PST"]
[Termination "tigra won by resignation"]

1. c4 e5 2. g3 Nf6 3. Bg2 c6 4. d4 Bb4+ 5. Bd2 Bxd2+ 6. Qxd2 d6 7. Nc3 Qe7 8. Nf3 O-O 9. O-O h6 10. dxe5 dxe5 11. Rfd1 e4 12. Nd4 e3 13. Qxe3 Qxe3 14.
fxe3 Re8 15. e4 Nbd7 16. Nf5 Nc5 17. Nd6 Re5 18. b4 Na6 19. a3 Rb8 20. Rd2 Nc7 21. Rad1 Nce8 22. c5 Nxd6 23. Rxd6 Re8 24. e5 Ng4 25.
Rd8 Be6 26. Rxb8 Rxb8 27. b5 Nxe5 28. b6 axb6 29. cxb6 Ra8 30. a4 Nd7 31. Rb1 Ra6 32. Ne4 Rxb6 33. Rxb6 Nxb6 34. Nc5 Bc8 35. Kf2 Nc4 36.
Be4 Kf8 37. Bd3 Ne5 38. a5 Ke7 39. Ke3 Ng4+ 40. Kd4 Nxh2 41. Ne4 f5 42. Nc3 Kd6 43. e4 Nf3+ 44. Ke3 Ne5 45. exf5 Nxd3 46. Kxd3 Bxf5+ 47. Kc4 g5 48. Ne2 h5 49. Nd4 Bg4 50. Kd3 h4 51.
gxh4 gxh4 52. Ke3 h3 53. Kf2 Kc5 54. Nb3+ Kb4 0-1

[Event "*** MasterClass Titled Tuesday Blitz"]
[Site "Chess.com"]
[Date "2017.11.07"]
[Round "2"]
[White "Aygehovit1992"]
[Black "Patov"]
[Result "1-0"]
[WhiteElo "2522"]
[BlackElo "2333"]
[TimeControl "180+2"]
[EndTime "14:30:22 PST"]
[Termination "Aygehovit1992 won on time"]

1. e4 e6 2. d4 d5 3. Nc3 Nf6 4. e5 Nfd7 5. f4 c5 6. Nf3 Nc6 7. Be3 Be7 8. a3 O-O 9. dxc5 Nxc5 10. b4 Nd7 11. Bd3 f6 12. O-O fxe5 13. fxe5 Ndxe5 14. Nxe5 Rxf1+ 15. Bxf1 Nxe5 16. Qh5 Bf6 17. Re1 Bd7 18. Kh1 Be8 19. Qh3 Bf7 20. Bd4 Ng6 21.
Ne2 Rc8 22. c3 b6 23. Bxf6 Qxf6 24. Nd4 Re8 25. Bb5 Re7 26. Kg1 h6 27. Rf1 Qg5 28.
Qf3 e5 29. Nf5 Rc7 30. g3 e4 31. Qf2 Ne5 32. Qd4 Nf3+ 33. Rxf3 exf3 34. Qe5 Rxc3 35. Ne7+ Kh7 36. Qxc3 Qxe7 37. Kf2 Qe4 38. Bd3 1-0